Map: Disco Bloodbath LE

Players

Mez - Winner!

  • Race: Terran Terran
  • League: Master
  • Spawn Location: 9:00

Jeggi

  • Race: Zerg Zerg
  • League: Master
  • Spawn Location: 3:00

VOD

Have the link to the VOD?

Description

Time

  • Played on: Sept. 6, 2019, 2:02 a.m.
  • Length: 16:20
Show
View Real Time Build Order
Export as new Build Order

Mez Terran - Winner!

Build Orders: Liberator Opening, Reaper Expand 

Get SALT Encoding   

  12  0:00  SCV  
  13  0:13  SCV  
  14  0:17  Supply Depot  
  14  0:25  SCV  
  15  0:38  SCV  
  15  0:41  Barracks  
  16  0:45  Refinery  
  16  0:50  SCV  
  17  1:02  SCV  
  18  1:15  SCV  
  19  1:29  Orbital Command  
  19  1:31  Reaper  
  20  1:41  Command Center  
  20  1:48  Supply Depot  
  20  1:55  SCV  
  21  2:02  Marine  
  22  2:08  SCV  
  22  2:12  Factory  
  23  2:17  Refinery  
  23  2:20  SCV  
  24  2:25  Barracks Reactor  
  24  2:32  SCV  
  25  2:45  SCV  
  26  2:57  SCV  
  27  3:03  Orbital Command  
  27  3:09  SCV  
  28  3:14  Supply Depot, Starport  
  28  3:23  Hellion x2  
  32  3:32  SCV  
  32  3:37  Liberator  
  32  3:40  Barracks Tech Lab  
  32  3:44  SCV, Hellion x2  
  32  3:45  SCV  
  41  3:57  SCV x2, Supply Depot  
  41  4:00  Marine  
  44  4:05  Hellion  
  44  4:06  Hellion  
  44  4:09  SCV x2  
  50  4:21  SCV x2  
  50  4:22  Command Center  
  52  4:27  Supply Depot  
  52  4:33  SCV x2  
  52  4:36  Marine  
  55  4:46  Barracks, Starport Reactor, SCV x2  
  55  4:49  Factory Tech Lab  
  55  4:50  Barracks, Stimpack  
  57  4:53  Supply Depot  
  57  4:58  Marine, SCV x2  
  60  5:07  Engineering Bay x2  
  60  5:10  SCV x2  
  58  5:28  SCV x2  
  58  5:29  Marine  
  58  5:31  Siege Tank  
  58  5:34  Refinery  
  64  5:36  Refinery  
  64  5:38  Orbital Command  
  64  5:39  Starport Reactor  
  64  5:40  SCV x2  
  66  5:51  Marine  
  66  5:52  SCV  
  66  5:53  SCV  
  66  5:56  Barracks, Terran Infantry Armor Level 1, Terran Infantry Weapons Level 1  
  69  5:57  Marine x2  
  69  5:58  Barracks  
  71  6:04  Orbital Command  
  71  6:12  Armory  
  71  6:13  Marine x3, Siege Tank  
  71  6:14  Supply Depot  
  71  6:16  Marine x2  
  79  6:21  SCV  
  79  6:22  SCV  
  81  6:27  Medivac x2  
  81  6:29  Combat Shield  
  81  6:31  Marine x2  
  87  6:33  SCV  
  87  6:34  SCV  
  87  6:39  SCV  
  90  6:41  Marine  
  90  6:42  Marine x2  
  90  6:44  Barracks Reactor  
  90  6:46  SCV x2, Barracks Reactor  
  95  6:50  Supply Depot  
  95  6:52  SCV  
  96  6:55  Supply Depot  
  96  6:58  SCV x2, Supply Depot  
  96  6:59  Marine x3  
  101  7:11  Marine x2, SCV x2, Medivac x2  
  109  7:16  Marine x2, Siege Tank  
  109  7:17  Supply Depot  
  109  7:19  Supply Depot  
  109  7:20  Marine x3, Refinery  
  109  7:22  Refinery  
  117  7:29  Marine x2  
  119  7:43  Marine x2  
  119  7:44  Marine x5  
  121  7:47  Marine x2  
  131  7:51  Siege Tank, Medivac  
  131  7:52  Medivac  
  131  7:57  Factory  
  135  7:59  Command Center  
  135  8:01  Marine x2  
  137  8:13  Marine x4  
  137  8:18  Terran Infantry Weapons Level 2  
  141  8:30  Marine x3  
  141  8:36  Medivac  
  130  8:44  Marine  
  130  8:45  Marine x4  
  130  8:46  Siege Tank  
  130  8:47  Factory Tech Lab, Terran Infantry Armor Level 2  
  138  8:51  Marine x3  
  141  8:57  Marine  
  141  8:58  Medivac  
  141  9:02  Marine  
  122  9:07  Liberator  
  117  9:11  Liberator  
  117  9:20  Marine x8, Barracks  
  117  9:21  Siege Tank, Barracks x2  
  134  9:31  Siege Tank  
  134  9:36  Planetary Fortress  
  134  9:37  SCV  
  138  9:46  Marine x8  
  138  9:51  Supply Depot x2  
  142  9:55  Marine  
  142  9:59  Supply Depot  
  141  10:00  Siege Tank  
  141  10:04  Marine x3, Siege Tank  
  150  10:09  Supply Depot  
  150  10:22  Liberator x2  
  150  10:24  Marine x6  
  150  10:25  Barracks Tech Lab x3  
  150  10:26  Refinery x2  
  137  10:38  Marine x3  
  137  10:39  Siege Tank x2  
  137  10:41  Marine  
  137  10:42  Marine x4  
  142  10:44  SCV x3  
  145  10:56  SCV x2  
  147  11:04  Marine  
  147  11:05  Marine x7, Marauder x4  
  163  11:12  Sensor Tower  
  164  11:18  SCV x2  
  164  11:21  Sensor Tower  
  164  11:22  Marine  
  164  11:23  Marine x2, Concussive Shells  
  164  11:24  Terran Infantry Weapons Level 3  
  168  11:26  Marauder x3  
  168  11:27  Marauder  
  170  11:43  Command Center  
  170  11:50  Marine x5, Marauder x3  
  178  12:09  Marine x8  
  178  12:10  Liberator, Marauder  
  178  12:11  Marine x2, Siege Tank x2  
  178  12:12  Marauder  
  164  12:27  Marine x2  
  169  12:32  Starport  
  169  12:35  Starport  
  169  12:43  Siege Tank x2  
  175  12:50  Liberator  
  169  12:52  Fusion Core  
  169  12:53  Liberator  
  157  13:02  Marine x12  
  155  13:20  Marine x6  
  155  13:27  Starport Reactor, Starport Tech Lab  
  161  13:36  Siege Tank x2  
  161  13:37  Terran Infantry Armor Level 3, Planetary Fortress  
  161  13:39  Liberator x3  
  161  13:41  Refinery  
  167  13:52  Refinery  
  167  13:55  Advanced Ballistics  
  176  14:08  Siege Tank x2  
  182  14:14  Liberator x2  
  174  14:30  Marine x7, Marauder  
  174  14:31  Marauder x3  
  186  14:56  Siege Tank x2, Marauder  
  194  15:05  Liberator x5  
  144  15:25  Marine x4  
  152  15:28  Siege Tank  
  155  15:43  Marine  
  155  15:44  Marine x11  
  167  16:01  Marine x2  
  167  16:02  Marine x2  
Show
View Real Time Build Order
Export as new Build Order

Jeggi Zerg 

Build Orders: Hatch First 

Get SALT Encoding   

  12  0:01  Drone  
  13  0:13  Overlord  
  13  0:18  Drone  
  14  0:32  Drone x2  
  14  0:35  Drone  
  17  0:52  Hatchery  
  17  0:56  Drone  
  17  0:59  Drone  
  17  1:03  Extractor  
  17  1:15  Spawning Pool  
  17  1:18  Drone  
  17  1:21  Drone  
  18  1:28  Drone  
  19  1:39  Overlord  
  19  1:50  Drone  
  20  2:04  Metabolic Boost  
  20  2:06  Queen  
  20  2:07  Queen  
  20  2:08  Zergling x2  
  25  2:09  Zergling x2  
  25  2:13  Drone  
  25  2:15  Drone  
  28  2:22  Drone  
  29  2:25  Drone  
  30  2:37  Drone x2  
  32  2:45  Drone  
  33  2:56  Drone x2  
  35  3:03  Overlord  
  35  3:17  Drone  
  36  3:20  Queen x2, Drone, Hatchery  
  36  3:23  Drone  
  36  3:24  Drone  
  36  3:27  Drone x2  
  44  3:34  Overlord  
  44  3:43  Overlord  
  44  3:52  Drone  
  44  3:53  Drone x3  
  48  4:04  Drone  
  48  4:05  Drone  
  50  4:13  Overlord  
  50  4:14  Drone  
  51  4:21  Drone  
  51  4:22  Drone x2  
  54  4:29  Drone  
  54  4:30  Hatchery, Drone x4  
  58  4:46  Drone  
  58  4:47  Drone  
  58  4:48  Zergling x12  
  58  4:51  Baneling Nest  
  65  5:01  Spore Crawler  
  65  5:05  Spore Crawler  
  60  5:18  Overlord  
  60  5:21  Drone x11  
  60  5:28  Overlord  
  61  5:32  Drone x4  
  64  5:47  Zergling x6  
  64  5:53  Zergling x2  
  64  5:55  Drone  
  64  5:56  Drone  
  67  5:57  Queen x2  
  67  6:00  Drone x2  
  75  6:10  Drone  
  75  6:11  Drone x6  
  82  6:13  Hatchery  
  82  6:15  Extractor  
  80  6:19  Evolution Chamber  
  80  6:20  Lair, Evolution Chamber  
  80  6:23  Drone x7  
  83  6:40  Extractor  
  83  6:41  Extractor, Baneling x3  
  83  6:42  Baneling  
  83  6:43  Drone  
  83  6:44  Drone x6  
  83  6:46  Overlord  
  88  6:47  Overlord, Extractor  
  88  6:48  Overlord x2  
  88  6:49  Overlord, Extractor  
  86  7:11  Overlord  
  86  7:13  Drone x14  
  100  7:26  Zerg Ground Armor Level 1  
  100  7:28  Zerg Melee Weapons Level 1  
  100  7:32  Hydralisk Den  
  100  7:33  Zergling x24  
  100  7:34  Zergling x2  
  100  7:35  Spore Crawler  
  111  7:37  Zergling x6  
  111  7:38  Zergling x2  
  111  7:40  Centrifical Hooks  
  115  7:48  Zergling x18  
  115  7:49  Zergling x2  
  115  7:50  Spore Crawler  
  124  7:53  Baneling x9  
  124  7:55  Zergling x2, Baneling  
  124  7:56  Zergling x2  
  124  7:57  Zergling x4  
  127  7:59  Zergling x2  
  127  8:02  Zergling x4  
  127  8:03  Zergling x2  
  131  8:07  Zergling x2  
  131  8:10  Hatchery  
  131  8:11  Zergling x6  
  134  8:16  Overlord  
  134  8:19  Grooved Spines  
  134  8:21  Overlord x4  
  131  8:41  Zergling x26  
  128  8:47  Zergling x2  
  140  8:51  Zergling x4  
  140  8:52  Zergling x2  
  139  8:57  Overlord  
  139  8:58  Zergling x2  
  139  8:59  Zergling x4  
  126  9:19  Hatchery  
  123  9:30  Extractor  
  122  9:31  Extractor  
  121  9:40  Zerg Melee Weapons Level 2, Muscular Augments, Zerg Ground Armor Level 2  
  121  9:41  Overlord  
  121  9:42  Zergling x30  
  121  9:43  Zergling x6  
  121  9:44  Queen x3  
  143  10:02  Hydralisk x5  
  143  10:03  Hydralisk x7  
  167  10:08  Zergling x12  
  167  10:10  Queen  
  175  10:15  Infestation Pit  
  175  10:18  Baneling x6  
  175  10:19  Baneling x4  
  174  10:26  Overlord  
  150  10:36  Overlord  
  150  10:41  Zergling x6  
  150  10:42  Baneling x3  
  143  10:45  Extractor x2  
  141  10:59  Extractor  
  141  11:01  Extractor, Hatchery, Hive  
  121  11:17  Overlord  
  121  11:18  Drone x2  
  121  11:19  Drone x8  
  131  11:38  Hydralisk x6, Overlord  
  131  11:39  Hydralisk  
  145  11:40  Zergling x34  
  145  11:41  Zergling x4  
  163  11:57  Zergling x12  
  163  11:58  Zergling x8  
  163  12:00  Spore Crawler x2  
  165  12:11  Zergling x10  
  153  12:19  Overlord  
  153  12:20  Zergling x2  
  153  12:21  Zergling x16  
  160  12:24  Zergling x6  
  147  12:31  Zergling x10  
  147  12:37  Baneling x7  
  148  12:40  Zerg Ground Armor Level 3, Zerg Melee Weapons Level 3  
  147  12:48  Ultralisk Cavern  
  147  12:49  Hydralisk x3, Baneling x3  
  142  13:02  Zergling x8  
  142  13:05  Zergling x26  
  126  13:11  Zergling x4  
  109  13:19  Zergling x6  
  94  13:21  Zergling x2, Baneling x2  
  94  13:23  Zergling x2  
  94  13:24  Zergling x2  
  94  13:27  Zergling x4, Baneling x2  
  98  13:28  Baneling x2  
  98  13:29  Zergling x4, Baneling  
  98  13:30  Zergling x4, Baneling  
  98  13:33  Zergling x2  
  103  13:36  Zergling x2  
  103  13:39  Chitinous Plating  
  104  13:41  Queen  
  104  13:42  Queen x3  
  104  13:43  Zergling x8  
  104  13:44  Baneling  
  104  13:45  Baneling x4  
  104  13:46  Baneling  
  116  13:51  Hatchery  
  115  14:24  Ultralisk x4  
  138  14:40  Overlord  
  136  14:49  Zergling x2  
  136  14:50  Zergling x16  
  136  14:51  Zergling x14  
  149  14:55  Zergling x4  
  149  14:56  Overlord, Zergling x2  
  149  14:57  Zergling x2  
  153  15:00  Zergling x4  
  153  15:03  Hydralisk x3  
  153  15:06  Zergling x4  
  163  15:13  Zergling x2  
  163  15:14  Zergling x6  
  141  15:21  Zergling x8  
  118  15:27  Hydralisk x4  
  116  15:37  Drone x4  
  116  15:39  Zergling x2  
  116  15:40  Zergling x2  
  122  15:46  Baneling x7  
  122  15:47  Baneling  
Tags
 
Add a new tag
Caveats
  • Supply blocks, unpowered buildings, or Contaminate may cause inaccurate times.
  • Supply counts are checked every 10 seconds.